 Dungeon Crawl Stone Soup version 0.30-a0-718-geaa24f58ff (webtiles) character file.

Game seed: 5456818730559151110

14 drugrobin the Sneak (level 2, 0/37 HPs)
             Began as a Demigod Delver on Jan 26, 2023.
             Succumbed to an adder's poison
             ... on level 5 of the Dungeon.
             The game lasted 00:02:22 (318 turns).

drugrobin the Sneak (Demigod Delver)                 Turns: 318, Time: 00:02:23

Health: 0/37       AC: 21    Str: 13    XL:     2   Next: 15%
Magic:  4/4        EV:  2    Int: 12    God:
Gold:   9          SH:  0    Dex: 15    Spells: 1/1 levels left

rFire   . . .      SeeInvis .      - Unarmed
rCold   . . .      Faith    .    (no shield)
rNeg    . . .      Spirit   .    (body armour currently unavailable)
rPois   +          Reflect  .    (helmet currently unavailable)
rElec   .          Harm     .    (cloak currently unavailable)
rCorr   .          Rampage  .    (gloves currently unavailable)
Will    .....      NoTele   +    (boots currently unavailable)
Stlth   +++                      (no amulet)
HPRegen 0.26/turn                (no ring)
MPRegen 0.09/turn                (no ring)

@: lethally poisoned (0 -> -3), tree-form, very slow
A: stationary, stasis, torment immunity, boosted hp, high MP 1, forlorn, divine
attributes
a: no special abilities


You were on level 5 of the Dungeon.
You were a tree.
You visited 1 branch of the dungeon, and saw 3 of its levels.

You collected 9 gold pieces.

Inventory:

Hand Weapons
 g - a +0 war axe
Missiles
 k - 3 curare-tipped darts (quivered)
Armour
 a - a +0 leather armour (melded)
Wands
 f - a wand of digging (2)
 j - a wand of roots (7)
Scrolls
 b - a scroll of fog
 c - 2 scrolls of identify {unknown}
 h - 3 scrolls of butterflies {unknown}
Potions
 e - a potion of haste


   Skills:
 - Level 2.6 Fighting
 - Level 1.7 Dodging
 - Level 4.5 Stealth
 + Level 2.7 Unarmed Combat


You had one spell level left.
You didn't know any spells.
Your spell library contained the following spells:

 Spells                   Type           Power      Damage    Failure   Level
 Sublimation of Blood     Necr           0%         N/A       45%         2
 Wereblood                Tmut           0%         N/A       45%         2
 Summon Hydra             Summ           0%         N/A       100%        7


Dungeon Overview and Level Annotations

Branches:
Dungeon (5/15)
 Temple: D:4-7

Annotations:
D:5 exclusion: jelly, Duvessa


Innate Abilities, Weirdness & Mutations

You are a tree.
Your roots penetrate the ground, keeping you stationary.
You cannot be teleported.
You are immune to unholy pain and torment.
Your maximum health is greatly increased.
Your equipment is partially melded.
You have an increased reservoir of magic. (+10% MP)
You shall have no god before yourself.
Your divine heritage dramatically boosts your attributes as you level up.


Message History

The adder barely misses you. The adder bites you but does no damage.
Unknown command.
Unknown command.
You barely miss the adder.
* * * LOW HITPOINT WARNING * * *
You feel sick. The adder bites you but does no damage.
Unknown command.
Unknown command.
You barely miss the adder.
* * * LOW HITPOINT WARNING * * *
You feel sick. The adder bites you but does no damage.
Unknown command.
Unknown command.
Unknown command.
Unknown command.
Unknown command.
You barely miss the adder.
* * * LOW HITPOINT WARNING * * *
You feel sick. The adder bites you but does no damage.
Unknown command.
Unknown command.
Unknown command.
Unknown command.
You completely miss the adder.
* * * LOW HITPOINT WARNING * * *
You feel sick.
The adder bites you but does no damage. x2
Unknown command.
Unknown command.
Okay, then.
As you read the scroll of fear, it crumbles to dust.
You assume a fearsome visage.
The rat looks frightened!
The adder looks frightened!
* * * LOW HITPOINT WARNING * * *
You feel sick.
Unknown command.
Unknown command.
Unknown command.
Unknown command.
You closely miss the adder.
You die...

**~~****~~##.........
*~~~~~~~~~~#.........
**~~****~~##.#######.
*~**~~*#~#..* #.
*~~~~∩~#~##** #.
*~~~~~~#~# ####.
####~~##~# #....
####~~####~~## #.###
#..~~~♣S~r~~~######.#
#.##~~####~~###.....#
#..#### #### #.#####
##.########.# #.#
#..........###.#
##########.....#
#######


You could see an adder (fleeing) and a rat (fleeing).

Vanquished Creatures
  An adder (D:5)
  An orc (D:5)
  A goblin (D:4)
  A quokka (D:3)
4 creatures vanquished.

Notes
Turn   | Place    | Note
-------+----------+-------------------------------------------
     0 | D:5      | drugrobin the Demigod Delver began the quest for the Orb.
     0 | D:5      | Reached XP level 1. HP: 18/18 MP: 3/3
    75 | D:4      | Reached XP level 2. HP: 25/25 MP: 4/4
   155 | D:5      | Noticed Duvessa
   317 | D:5      | HP: 1/37 [poisoned by an adder]
   318 | D:5      | Succumbed to an adder's poison

Illustrated notes

Levels and vault maps discovered:
D:3:      layout_basic, kiku_gazebo_garden_becter, nicolae_ashenzari_skybound,
          st_stairs_3, minmay_quadrilaterals, uniq_grinder,
          uniq_crazy_yiuf_cottage
D:4:      minmay_opposing_rooms, layout_basic, minivault_1
D:5:      layout_basic, nicolae_dithmenos_through_a_glass_darkly,
          gup_sewer_entry_bubbles, dreamdust_mushroom_princess, uniq_duvessa

Skill      XL: |  1 |
---------------+----+-----
Unarmed Combat | 2 |  2.7
Fighting       | |  2.6
Dodging        | |  1.7
Stealth        | |  4.5

Action                     || total
---------------------------++-------
  Melee: War axe           ||    11
         Unarmed           ||     9
  Evoke: Wand              ||     1
    Use: Scroll            ||     2
         Potion            ||     1
   Stab: Sleeping          ||     3
 Armour: Leather armour    ||     6
         Skin              ||     6
  Dodge: Dodged            ||    11

Table legend: (Time is in decaauts)
 A = Elapsed time spent in this place.
 B = Non-inter-level travel time spent in this place.
 C = Inter-level travel time spent in this place.
 D = Time resting spent in this place.
 E = Time spent auto-exploring this place.
 F = Levels seen in this place.
 G = Mean time per level.
                   A        B        C        D        E       F      G
               +--------+--------+--------+--------+--------+-----+--------+
         Total |    331 |    276 |     55 |      0 |      0 |   3 |  110.3 |
       Dungeon |    331 |    276 |     55 |      0 |      0 |   3 |  110.3 |
               +--------+--------+--------+--------+--------+-----+--------+

Top non-repeatable levels by time:
     D:5: 251 daAuts
     D:4: 46 daAuts
     D:3: 33 daAuts
